 Dungeon Crawl Stone Soup version 0.27.1-33-g824d729ab1 (webtiles) character file.

Game seed: 14255333698896960821

217 pkoi the Insei (level 5, -4/67 HPs)
             Began as a Draconian Monk on Dec 20, 2021.
             Slain by Grinder (5 damage)
             ... on level 3 of the Dungeon.
             The game lasted 00:03:30 (3730 turns).

pkoi the Insei (Draconian Monk)                     Turns: 3730, Time: 00:03:31

Health: -4/67      AC:  6    Str: 13      XL:     5   Next: 61%
Magic:  5/5        EV: 12    Int: 10 (11) God:
Gold:   109        SH:  0    Dex: 14      Spells: 4/4 levels left

rFire    . . .     SeeInvis +     - Unarmed
rCold    . . .     Faith    .   (no shield)
rNeg     . . .     Spirit   .   (armour unavailable)
rPois    .         Reflect  .   (helmet restricted)
rElec    .         Harm     .   (no cloak)
rCorr    .         Rampage  .   l - +0 pair of gloves
Will     .....                  (no boots)
Stlth    ..........             (no amulet)
HPRegen  0.21/turn              f - ring of see invisible
MPRegen  0.09/turn              (no ring)

@: berserking, very quick
A: AC +5, unfitting armour, cold-blooded
a: no special abilities


You were on level 3 of the Dungeon.
You visited 1 branch of the dungeon, and saw 3 of its levels.

You collected 109 gold pieces.

Inventory:

Hand Weapons
 a - a +0 whip
Missiles
 g - 15 poisoned darts (quivered)
Armour
 l - a +0 pair of gloves (worn)
Jewellery
 f - a ring of see invisible (left hand)
 k - a ring of fire
Scrolls
 e - a scroll of identify
Potions
 b - a potion of berserk rage
 c - a potion of curing
 d - a potion of haste {unknown}
 h - a potion of degeneration
 j - 2 potions of lignification


   Skills:
 - Level 3.2 Fighting
 - Level 2.6 Dodging
 - Level 1.7 Stealth
 + Level 6.4 Unarmed Combat


You had 4 spell levels left.
You didn't know any spells.
Your spell library contained the following spells:

 Spells                   Type           Power      Damage    Failure   Level
 Ensorcelled Hibernation  Hex/Ice        0%         N/A       50%         2
 Slow                     Hex            0%         N/A       50%         2
 Confusing Touch          Hex            0%         N/A       75%         3
 Spider Form              Tmut/Pois      0%         N/A       75%         3
 Vampiric Draining        Necr           0%         2d6       75%         3
 Shadow Creatures         Summ           N/A        N/A       100%        6


Dungeon Overview and Level Annotations

Branches:
Dungeon (3/15)

Altars:

Shops:
D:3 [?(?

Annotations:
D:2 1 runed translucent door, Crazy Yiuf
D:3 Grinder


Innate Abilities, Weirdness & Mutations

Your plain brown scales are hard. (AC +5)
You cannot fit into any form of body armour.
You are cold-blooded and may be slowed by cold attacks.


Message History

You see here a quokka corpse.
Grinder gestures at you. Pain shoots through your body!
Grinder blinks!
Grinder hits you.
You writhe in agony.
You closely miss Grinder.
Grinder is lightly wounded.
Grinder gestures at you.
You suddenly lose the ability to move!
Grinder gestures at you.
You shrug off the repeated paralysis!
Grinder hits you.
* * * LOW HITPOINT WARNING * * *
You writhe in agony.
* * * LOW HITPOINT WARNING * * *
Grinder hits you.
* * * LOW HITPOINT WARNING * * *
You writhe in agony.
* * * LOW HITPOINT WARNING * * *
Grinder hits you but does no damage. Grinder hits you.
* * * LOW HITPOINT WARNING * * *
You can move again.
Okay, then.
Unknown command.
Unknown command.
A red film seems to cover your vision as you go berserk!
You feel yourself moving faster!
You feel mighty! Grinder closely misses you.
You punch Grinder!
Grinder is moderately wounded.
You closely miss Grinder.
Grinder is moderately wounded.
Grinder hits you!
* * * LOW HITPOINT WARNING * * *
You punch Grinder! You tail-slap Grinder!
Grinder is almost dead.
You completely miss Grinder.
Your tail-slap misses Grinder.
Grinder is almost dead.
Grinder hits you.
You die...

##.## #####...##
##### ####........#
##...##
#..........##
#.....###.##>##.#.##
##........)...##.#.#
.......###.#####.#.#
###...## #....†.5#.#
# ##### #######@..#
## ###########.###
.#####.....#.......#
#....#.....#.###.#.#
.#.#.......# #.#.#
.....#.....# ..# #
#.#.##.....# .##
#.#.######## #.
#....# ..


You could see Grinder.

Vanquished Creatures
  A necrophage (D:3)
  4 gnolls
  4 adders
  A worm (D:3)
  3 dart slugs
  2 orcs (D:3)
  3 bats (D:3)
  3 endoplasms
  3 giant cockroaches
  4 goblins
  2 hobgoblins
  2 jackals (D:1)
  5 kobolds
  2 quokkas
  3 ball pythons
  A frilled lizard (D:1)
  6 rats
49 creatures vanquished.

Vanquished Creatures (others)
  A hobgoblin (D:1)
  7 toadstools (D:1)
8 creatures vanquished.

Grand Total: 57 creatures vanquished

Notes
Turn   | Place    | Note
-------+----------+-------------------------------------------
     0 | D:1      | pkoi the Draconian Monk began the quest for the Orb.
     0 | D:1      | Reached XP level 1. HP: 19/19 MP: 1/1
    34 | D:1      | Found a faded altar of an unknown god.
   282 | D:1      | Reached XP level 2. HP: 13/26 MP: 2/2
   687 | D:1      | Reached skill level 4 in Unarmed Combat
   954 | D:1      | Reached XP level 3. HP: 31/31 MP: 3/3
  1614 | D:2      | Found a runed translucent door.
  1615 | D:2      | Noticed Crazy Yiuf
  2113 | D:2      | Reached XP level 4. HP: 36/38 MP: 4/4
  2284 | D:3      | Reached skill level 5 in Unarmed Combat
  2288 | D:3      | Noticed Grinder
  2291 | D:3      | Paralysed by Grinder for 4 turns
  2310 | D:3      | Paralysed by Grinder for 3 turns
  2315 | D:3      | HP: 1/38 [Grinder/nerve-wracking pain (12)]
  2876 | D:3      | Found Vaesosm's Antique Armour Emporium.
  3259 | D:3      | Found Bywaej's Magic Scroll Shop.
  3317 | D:3      | Found Sauhus's Magic Scroll Shoppe.
  3414 | D:3      | Noticed a necrophage
  3428 | D:3      | Killed a necrophage
  3429 | D:3      | Reached skill level 6 in Unarmed Combat
  3429 | D:3      | Reached XP level 5. HP: 37/45 MP: 5/5
  3592 | D:3      | Found Lewunim's Weapon Boutique.
  3702 | D:3      | Paralysed by Grinder for 3 turns
  3720 | D:3      | Paralysed by Grinder for 5 turns
  3728 | D:3      | HP: 1/67 [Grinder (7)]
  3730 | D:3      | Slain by Grinder

Illustrated notes

Levels and vault maps discovered:
D:1:      nagdon_arrival_double_spiral, layout_loops_corners,
          shapermc_ecumenical_altar_mp_urbaneastern
D:2:      layout_basic, minmay_pentomino_u2, uniq_crazy_yiuf_cottage
D:3:      layout_loops_cross, serial_shops, nicolae_square_shop, shop, shop,
          shop, uniq_grinder

Skill      XL: |  1  2  3  4 |
---------------+-------------+-----
Unarmed Combat | 4 6 |  6.4
Fighting       | |  3.2
Dodging        | |  2.6
Stealth        | |  1.7

Action                   |  1- 3 |  4- 6 || total
-------------------------+-------+-------++-------
Melee: Unarmed           |   108 |    79 ||   187
       Tailslap          |    10 |     7 ||    17
       Punch             |     2 |     1 ||     3
  Use: Potion            |     4 |     1 ||     5
       Scroll            |       |     4 ||     4
 Stab: Sleeping          |     6 |     3 ||     9
       Distracted        |     1 |       ||     1
Armor: Skin              |    32 |    22 ||    54
Dodge: Dodged            |    49 |    44 ||    93
